 Dungeon Crawl Stone Soup version 0.20.1-1-g8b1a95d (webtiles) character file.

210 sheltatha the Chopper (level 5, 0/47 HPs)
             Began as a Draconian Chaos Knight on Aug 19, 2017.
             Slain by a gnoll
             ... wielding a +0 flail of protection
              (13 damage)
             ... on level 5 of the Dungeon.
             The game lasted 00:12:05 (2113 turns).

sheltatha the Chopper (Draconian Chaos Knight)      Turns: 2113, Time: 00:12:08

Health: 0/47       AC:  5    Str: 14    XL:     5   Next: 57%
Magic:  5/5        EV: 13    Int: 13    God:    Xom [..*...]
Gold:   137        SH:  0    Dex: 11    Spells: 4/4 levels left

rFire    . . .     SeeInvis .   a - +0 hand axe (chaos)
rCold    . . .     Gourm    .   (no shield)
rNeg     . . .     Faith    .   (armour unavailable)
rPois    .         Spirit   .   (helmet restricted)
rElec    .         Reflect  .   (no cloak)
rCorr    .         Harm     .   (no gloves)
MR       .....                  (no boots)
Stlth    +.........             (no amulet)
Regen    0.2/turn               (no ring)
MPRegen  0.1/turn               (no ring)

@: no status effects
A: unfitting armour, cold-blooded, AC +5
a: Renounce Religion


You were on level 5 of the Dungeon.
You worshipped Xom.
You were a toy of Xom.
You were not hungry.

You visited 1 branch of the dungeon, and saw 4 of its levels.

You collected 137 gold pieces.

Inventory:

Hand Weapons
 a - a +0 hand axe of chaos (weapon)
Jewellery
 h - an uncursed ring of poison resistance {unknown}
Scrolls
 c - 4 scrolls of identify {unknown}
 e - 2 scrolls of teleportation {unknown}
 i - a scroll of blinking {unknown}
 j - a scroll of enchant weapon {unknown}
 k - a scroll of magic mapping {unknown}
Potions
 g - 3 potions of agility
Comestibles
 b - 2 bread rations
 d - 3 royal jellies
 m - a meat ration


   Skills:
 * Level 4.4 Fighting
 * Level 5.1 Axes
 * Level 3.0 Dodging
 + Level 0.4 Stealth


You had 4 spell levels left.
You didn't know any spells.

Dungeon Overview and Level Annotations

Branches:
Dungeon (3/15)

Altars:
Dithmenos


Innate Abilities, Weirdness & Mutations

Your plain brown scales are hard. (AC +5)
You cannot fit into any form of body armour.
You are cold-blooded and may be slowed by cold attacks.


Message History

You hear a shout!
The gnoll hits you with a flail of protection!
You hit the gnoll but do no damage.
You tail-slap the gnoll, but do no damage.
The gnoll is heavily wounded.
The helpless gnoll fails to defend itself.
You slash the gnoll!
The gnoll appears confused.
The gnoll is no longer paralysed.
The gnoll misses you.
You hit the gnoll. You freeze the gnoll.
The gnoll is almost dead.
You hit the gnoll.
The gnoll hits you with a flail of protection!
* * * LOW HITPOINT WARNING * * *
You closely miss the gnoll.
Your tail-slap misses the gnoll.
The gnoll is almost dead.
You hit the gnoll. Lightning courses through the gnoll!
You kill the gnoll!
The gnoll hits you with a flail of protection!
You die... "What!?
That's it?"

##≈≈≈≈≈≈## ### ...#
#≈≈....≈≈###.. ..#
#≈..##..≈#...#
..###≈.####..'.###
...##§.####.≈#.##
#...#§..##§§≈#..##
#..##≈≈.§..§§#...#
##g# ##≈§§≈§§##....
###.@#
#########.....
#..).###.# #.......
......##.##..##
#.....#. .#..##
##.....# #....###
## #.....## #...##
##.###..###..##
###..# ##..#.#..#
##...#....#..###..#
#.###..###.#.# .##


You could see a gnoll.

Vanquished Creatures
  A centaur skeleton (D:5)
  Terence (D:3)
  2 orc wizards (D:5)
  2 gnolls (D:5)
  3 adders
  6 dart slugs
  3 orcs (D:5)
  A giant cockroach (D:1)
  6 goblins
  3 hobgoblins (D:1)
  2 jackals (D:1)
  A ball python (D:2)
  5 bats
  5 frilled lizards
  5 kobolds
  10 rats
56 creatures vanquished.

Notes
Turn   | Place    | Note
-------+----------+-------------------------------------------
     0 | D:1      | sheltatha the Draconian Chaos Knight began the quest for the Orb.
     0 | D:1      | Reached XP level 1. HP: 19/19 MP: 1/1
    55 | D:1      | XOM: divination: detect items
    58 | D:1      | XOM: divination: detect creatures
    84 | D:1      | XOM: enchant monster (bad)
   129 | D:1      | Reached XP level 2. HP: 23/26 MP: 2/2
   716 | D:1      | XOM: swap monsters
   904 | D:2      | Reached XP level 3. HP: 30/33 MP: 3/3
   917 | D:2      | Found a shadowy altar of Dithmenos.
  1026 | D:2      | XOM: god gift: bubbling grey potion {god gift}
  1212 | D:2      | XOM: scenery: 1 doors close
  1388 | D:2      | Reached XP level 4. HP: 30/40 MP: 4/4
  1520 | D:3      | Noticed Terence
  1538 | D:3      | Killed Terence
  1538 | D:3      | Reached skill level 4 in Axes
  1546 | D:3      | You fall through a shaft for 2 floors!
  1546 | D:5      | Entered Level 5 of the Dungeon
  1546 | D:5      | Found a shadowy altar of Dithmenos.
  1631 | D:5      | Reached XP level 5. HP: 22/47 MP: 5/5
  2046 | D:5      | Reached skill level 5 in Axes
  2110 | D:5      | XOM: noise
  2113 | D:5      | Slain by a gnoll

Skill      XL: |  1  2  3  4  5 |
---------------+----------------+-----
Fighting       | 4 |  4.4
Axes           | 4 5 |  5.1
Dodging        | 3 |  3.0
Stealth        | |  0.4

Action                   |  1- 3 |  4- 6 || total
-------------------------+-------+-------++-------
Melee: Hand axe          |   113 |    65 ||   178
       Tailslap          |    12 |     8 ||    20
  Use: Potion            |       |     4 ||     4
 Stab: Petrifying        |     1 |       ||     1
       Sleeping          |       |     1 ||     1
       Paralysed         |       |     5 ||     5
       Petrified         |       |     1 ||     1
  Eat: Bread ration      |     1 |       ||     1
       Chunk             |     1 |       ||     1
Armor: Skin              |    30 |    14 ||    44
Dodge: Dodged            |    61 |    27 ||    88
